Map: Inside and Out

Players

VolleMelk - Winner!

  • Race: Terran Terran
  • League: Bronze
  • Spawn Location: 7:00

Roger

  • Race: Zerg Zerg
  • League: Bronze
  • Spawn Location: 1:00

VOD

Have the link to the VOD?

Description

Time

  • Played on: Aug. 27, 2022, 4:17 p.m.
  • Length: 28:47
Show
View Real Time Build Order
Export as new Build Order

VolleMelk Terran - Winner!

Build Orders: Liberator Opening, Mech 

Get SALT Encoding   

  12  0:00  SCV  
  13  0:13  SCV  
  14  0:19  Supply Depot  
  14  0:25  SCV  
  15  0:31  Refinery  
  15  0:41  Engineering Bay  
  15  0:46  SCV  
  16  0:58  Barracks  
  16  1:03  SCV  
  17  1:15  SCV  
  18  1:21  Supply Depot  
  18  1:28  SCV  
  19  1:34  Supply Depot  
  19  1:39  Refinery  
  19  1:43  SCV  
  20  1:48  Marine  
  21  2:01  Factory  
  21  2:05  SCV  
  22  2:17  Barracks Reactor  
  22  2:19  Orbital Command  
  22  2:33  Supply Depot  
  22  2:47  Starport  
  22  2:49  SCV  
  23  3:04  Hellion  
  23  3:05  Hellion  
  27  3:08  SCV  
  28  3:25  Marine  
  28  3:26  Command Center  
  29  3:31  Bunker  
  29  3:34  Hellion  
  29  3:40  Hellion  
  33  3:47  Liberator  
  36  3:56  Hellion  
  38  4:04  Armory  
  38  4:17  Factory  
  38  4:25  Supply Depot  
  30  4:53  Hellion x2  
  34  5:02  Engineering Bay  
  34  5:03  Supply Depot  
  32  5:32  Supply Depot  
  32  5:36  Orbital Command, Supply Depot  
  32  5:42  Factory Tech Lab  
  32  5:44  Hellion x2  
  32  5:49  Terran Vehicle Weapons Level 1  
  36  5:53  SCV  
  37  6:06  Hellion x2  
  37  6:09  Infernal Pre-Igniter  
  37  6:11  SCV  
  42  6:19  Refinery  
  42  6:22  Refinery  
  42  6:23  SCV x2  
  44  6:32  Starport  
  44  6:35  SCV  
  44  6:38  Widow Mine x2  
  49  6:59  Hellion, Widow Mine  
  53  7:20  Hellion  
  55  7:34  Siege Tank  
  55  7:36  Widow Mine  
  57  7:41  Starport Tech Lab x2  
  57  7:42  Hellion  
  59  7:55  SCV  
  59  7:56  Factory  
  59  7:58  Hellion  
  62  8:03  Hellion  
  62  8:04  Command Center  
  64  8:07  SCV, Siege Tank  
  68  8:25  Widow Mine x2  
  72  8:34  Terran Vehicle And Ship Armor Level 1  
  72  8:35  Marine  
  72  8:39  Siege Tank  
  72  8:40  Raven  
  78  8:47  Hellion x2  
  78  8:53  Marine  
  71  9:05  Factory Tech Lab  
  71  9:08  Hellion  
  71  9:09  Hellion  
  75  9:11  Hellion  
  77  9:17  Armory  
  77  9:22  Hi-Sec Auto Tracking  
  77  9:27  Raven  
  79  9:50  Missile Turret  
  79  9:56  Missile Turret  
  79  10:04  Siege Tank  
  82  10:09  Siege Tank  
  75  10:28  Planetary Fortress  
  51  11:15  SCV  
  52  11:24  SCV x2  
  54  11:25  Bunker  
  54  11:27  SCV  
  55  11:35  Raven  
  55  11:36  Raven, SCV x2  
  55  11:39  SCV  
  62  11:41  Widow Mine x2  
  62  11:42  Hellion x2  
  70  11:48  SCV  
  70  11:51  SCV  
  72  11:58  Refinery  
  72  12:00  Refinery  
  72  12:02  Hellion  
  72  12:03  Hellion x2, SCV x2  
  72  12:04  SCV, Factory  
  81  12:15  SCV x2  
  81  12:16  SCV  
  81  12:18  Hellion, Raven  
  81  12:21  Raven  
  90  12:24  Hellion  
  90  12:27  SCV  
  90  12:28  SCV  
  94  12:33  Widow Mine x2  
  98  12:40  SCV, Widow Mine  
  98  12:41  Terran Vehicle Weapons Level 2  
  101  12:45  Hellion  
  101  12:47  Terran Vehicle And Ship Armor Level 2  
  103  12:54  Hellion  
  105  13:01  Raven  
  105  13:03  Widow Mine  
  109  13:45  Supply Depot x2  
  109  13:48  Supply Depot  
  109  14:06  Raven, SCV  
  109  14:07  Hellion x3, Raven, SCV, Widow Mine, Supply Depot  
  123  14:10  Supply Depot  
  123  14:17  SCV  
  123  14:19  SCV  
  125  14:28  Widow Mine, Siege Tank x2  
  125  14:29  SCV, Widow Mine  
  135  14:33  SCV  
  135  14:34  Supply Depot  
  135  14:35  Refinery, Supply Depot, Command Center  
  135  14:38  Supply Depot  
  131  14:45  SCV  
  131  14:49  Liberator x2  
  137  14:58  SCV  
  136  15:00  Siege Tank  
  136  15:02  Refinery  
  121  15:31  Supply Depot x2  
  121  15:32  Raven x2, Supply Depot  
  121  15:35  Missile Turret  
  125  15:41  Missile Turret  
  125  15:42  Missile Turret x2  
  125  15:53  Missile Turret  
  125  15:54  Orbital Command  
  125  15:57  Missile Turret  
  125  15:58  Missile Turret x2  
  125  15:59  Missile Turret  
  125  16:00  Missile Turret x2  
  125  16:04  Widow Mine x3, Missile Turret x2  
  125  16:05  Widow Mine  
  133  16:12  Missile Turret  
  133  16:14  Missile Turret  
  133  16:15  Missile Turret  
  133  16:17  Missile Turret  
  133  16:26  Siege Tank x2  
  133  16:27  Command Center  
  139  16:37  SCV  
  139  16:38  SCV  
  141  16:49  SCV  
  141  16:50  SCV  
  143  16:55  Missile Turret  
  143  16:57  Missile Turret  
  143  16:58  Siege Tank  
  146  17:02  SCV  
  147  17:14  SCV  
  131  18:05  SCV x2  
  133  18:09  Planetary Fortress  
  133  18:12  Refinery  
  133  18:15  Refinery  
  133  18:17  SCV x2  
  129  18:28  Command Center  
  129  18:40  SCV x2  
  131  18:47  SCV  
  131  18:59  SCV  
  131  19:01  Hellion x4  
  133  19:22  Hellion x2  
  133  19:23  Missile Turret  
  137  19:27  Missile Turret  
  131  19:55  SCV  
  132  20:02  Raven x2  
  132  20:07  Hellion x3, Widow Mine  
  142  20:08  SCV  
  142  20:12  Terran Vehicle Weapons Level 3, Terran Vehicle And Ship Armor Level 3  
  145  20:17  Neosteel Armor  
  142  20:27  Factory Tech Lab  
  142  20:28  Hellion x2, Siege Tank x2  
  147  20:45  Raven, Liberator  
  147  20:49  Hellion  
  154  21:02  Missile Turret, Command Center  
  154  21:04  Missile Turret, Command Center  
  154  21:09  Missile Turret  
  154  21:21  Missile Turret  
  154  21:24  Refinery  
  154  21:28  Liberator  
  154  21:30  Refinery  
  145  22:17  Liberator x2  
  145  22:20  Widow Mine  
  145  22:21  Widow Mine x3  
  159  22:23  Orbital Command  
  159  22:25  Planetary Fortress  
  159  22:42  Widow Mine  
  161  23:00  Raven x2  
  152  23:43  Raven  
  147  24:25  Siege Tank x2  
  147  24:27  Widow Mine x3  
  137  24:48  Widow Mine  
  138  24:57  Siege Tank  
  135  25:10  Orbital Command  
  133  25:39  SCV  
  134  25:51  SCV  
  133  26:09  SCV x2  
  133  26:10  SCV  
  136  26:21  SCV  
  136  26:23  SCV  
  128  26:45  Widow Mine x2  
  128  26:46  Widow Mine x2  
  136  26:48  Raven  
  136  26:49  Starport Tech Lab  
  137  27:07  Widow Mine, Siege Tank x2  
  145  27:30  Raven  
  147  27:39  Siege Tank  
Show
View Real Time Build Order
Export as new Build Order

Roger Zerg 

Build Orders: Hatch First 

Get SALT Encoding   

  12  0:01  Drone  
  13  0:08  Drone  
  14  0:17  Overlord  
  14  0:25  Extractor, Drone  
  15  0:36  Drone x2  
  17  1:01  Hatchery  
  16  1:08  Spawning Pool  
  16  1:10  Drone  
  16  1:16  Drone  
  17  1:19  Extractor  
  17  1:22  Drone  
  17  1:26  Overlord  
  17  1:35  Drone  
  18  1:46  Drone  
  19  1:56  Zergling x2, Queen  
  22  2:05  Zergling x2  
  23  2:20  Drone  
  24  2:23  Drone  
  24  2:28  Drone  
  26  2:31  Metabolic Boost  
  26  2:47  Drone x3  
  29  2:54  Hatchery  
  28  3:01  Queen  
  28  3:03  Drone x3  
  33  3:09  Spore Crawler  
  32  3:14  Evolution Chamber  
  32  3:15  Drone  
  32  3:17  Baneling Nest, Drone  
  32  3:23  Overlord  
  32  3:32  Zergling x4  
  32  3:34  Zergling x4  
  36  3:37  Overlord  
  36  3:42  Zerg Melee Weapons Level 1  
  36  3:53  Zergling x6  
  39  3:56  Drone  
  39  3:57  Drone x2  
  42  4:08  Queen  
  44  4:13  Extractor  
  43  4:19  Spore Crawler, Drone x2  
  43  4:20  Drone x3  
  43  4:22  Overlord  
  44  4:51  Lair  
  44  4:55  Spore Crawler, Roach Warren  
  44  4:57  Drone x8  
  35  5:29  Spore Crawler  
  34  5:37  Spore Crawler  
  34  5:39  Roach  
  34  5:40  Roach x8  
  34  5:42  Spore Crawler  
  50  5:54  Queen  
  50  5:55  Drone x5  
  50  5:56  Drone  
  58  6:09  Pneumatized Carapace  
  58  6:15  Roach x2  
  58  6:16  Roach x2  
  66  6:23  Overlord x2  
  66  6:28  Overlord  
  66  6:43  Drone x5  
  66  6:44  Drone x4  
  75  6:55  Drone  
  76  7:02  Roach  
  76  7:03  Roach x4  
  84  7:16  Ravager x2  
  84  7:31  Ravager  
  84  7:36  Ravager  
  86  7:44  Spore Crawler, Drone  
  86  7:46  Drone x4  
  86  7:47  Spore Crawler, Overlord x3  
  89  7:52  Ravager  
  90  8:04  Spore Crawler  
  90  8:05  Queen  
  91  8:07  Drone x2  
  91  8:08  Extractor x2  
  91  8:10  Ravager  
  92  8:13  Ravager  
  93  8:26  Zergling x16  
  92  8:57  Ravager x3  
  92  9:00  Drone x5  
  92  9:01  Overlord x2  
  92  9:02  Drone x3  
  103  9:10  Drone  
  104  9:24  Extractor  
  104  9:27  Extractor  
  102  9:32  Roach  
  102  9:33  Roach x5  
  102  9:35  Ravager x2  
  102  9:38  Drone x5  
  118  9:39  Drone x3  
  118  9:41  Hatchery  
  118  9:42  Glial Reconstitution, Hatchery  
  122  9:51  Extractor  
  121  9:57  Ravager  
  121  9:58  Ravager, Overlord  
  121  9:59  Overlord x2  
  123  10:01  Overseer  
  122  10:31  Zergling x2  
  122  10:32  Zergling x6, Roach x3, Overlord x2  
  122  10:33  Zergling x2  
  82  11:14  Zergling x6  
  82  11:15  Zergling x20  
  86  11:22  Drone x2  
  88  11:38  Roach x10  
  108  11:40  Spore Crawler  
  107  11:49  Spire  
  107  11:53  Drone  
  107  11:55  Spire  
  107  11:58  Queen  
  107  12:00  Queen  
  110  12:02  Baneling x2  
  110  12:03  Baneling x6  
  110  12:04  Centrifugal Hooks  
  110  12:08  Zerg Ground Armor Level 1  
  110  12:13  Roach x3, Evolution Chamber  
  110  12:14  Ravager x4  
  110  12:15  Ravager x2  
  121  12:22  Spore Crawler  
  120  12:30  Infestation Pit  
  120  12:31  Drone  
  120  12:32  Drone  
  121  12:39  Queen x4  
  121  12:42  Overlord x5  
  121  12:43  Overlord x3  
  129  12:45  Baneling  
  129  12:46  Baneling x3  
  129  13:02  Mutalisk x2  
  129  13:03  Mutalisk x4  
  141  13:18  Baneling  
  141  13:19  Baneling x4  
  130  13:35  Mutalisk x4  
  130  13:36  Roach  
  140  13:43  Zerg Missile Weapons Level 1  
  140  13:51  Drone x4  
  140  13:52  Drone x4  
  140  13:54  Mutalisk x2  
  140  13:55  Zergling x10  
  156  13:56  Zergling x8  
  156  13:57  Zergling x2  
  162  14:03  Zerg Flyer Armor Level 1  
  162  14:08  Zerg Flyer Weapons Level 1  
  116  15:20  Drone x6  
  116  15:21  Drone x8  
  123  15:36  Spore Crawler  
  123  15:37  Zergling x2  
  123  15:38  Zergling x8  
  127  15:43  Hive  
  127  15:47  Zerg Melee Weapons Level 2, Zerg Ground Armor Level 2  
  127  15:50  Pathogen Glands  
  127  15:51  Mutalisk  
  127  15:52  Mutalisk x5  
  127  15:55  Zergling x8  
  143  16:05  Extractor  
  143  16:07  Spore Crawler  
  143  16:08  Extractor  
  140  16:17  Mutalisk  
  140  16:18  Mutalisk x3  
  148  16:21  Zergling x20  
  148  16:24  Baneling  
  148  16:25  Baneling x2  
  158  16:39  Drone  
  160  16:40  Drone  
  160  16:42  Mutalisk  
  160  16:43  Roach  
  160  16:46  Ravager  
  165  16:48  Ravager  
  165  16:51  Overseer  
  166  17:06  Mutalisk x2  
  166  17:07  Zergling x2  
  166  17:08  Zergling x14  
  176  17:09  Zergling x2  
  176  17:14  Greater Spire  
  91  17:39  Mutalisk  
  91  17:40  Mutalisk x3  
  91  17:41  Zergling x2  
  91  17:42  Zergling x34  
  106  17:57  Mutalisk  
  106  17:58  Mutalisk  
  100  17:59  Zergling x2  
  100  18:00  Zergling x10  
  104  18:09  Mutalisk x2  
  96  18:24  Ultralisk Cavern  
  93  18:27  Zergling x10  
  93  18:28  Zergling x8  
  102  18:35  Zergling x2  
  103  18:44  Zergling x8  
  107  18:59  Zergling x14  
  104  19:19  Mutalisk x3  
  104  19:20  Roach, Mutalisk x4  
  104  19:21  Zergling x2  
  114  19:33  Zergling x2  
  114  19:34  Zergling x8  
  93  19:54  Mutalisk  
  93  19:55  Mutalisk x4  
  103  20:01  Zergling x6  
  103  20:02  Zergling x4  
  108  20:21  Hatchery  
  108  20:27  Hatchery  
  104  20:48  Extractor  
  103  21:11  Baneling x11  
  103  21:12  Baneling x7  
  103  21:13  Mutalisk  
  103  21:15  Ultralisk x2, Spore Crawler  
  103  21:16  Spore Crawler x3  
  112  21:19  Spore Crawler x2  
  87  21:43  Mutalisk  
  87  21:44  Mutalisk x3  
  93  22:03  Ultralisk, Zergling x2  
  93  22:04  Zergling x34  
  104  22:19  Drone x2  
  104  22:20  Drone x4  
  110  22:31  Drone x5  
  115  22:39  Ultralisk  
  115  22:40  Ultralisk  
  115  22:43  Chitinous Plating  
  127  23:00  Ultralisk  
  121  23:26  Ultralisk x2  
  133  23:30  Zerg Melee Weapons Level 3  
  133  23:34  Extractor  
  133  23:36  Spore Crawler  
  133  23:37  Spore Crawler  
  133  23:38  Spore Crawler  
  91  24:35  Mutalisk x2  
  91  24:36  Mutalisk x3  
  82  24:56  Ultralisk x3  
  100  25:11  Anabolic Synthesis  
  75  25:51  Ultralisk x2  
  78  26:11  Ultralisk  
  78  26:13  Extractor, Hatchery  
  78  26:15  Extractor  
  75  26:20  Hatchery  
  75  26:23  Extractor  
  73  26:30  Zergling x18  
  58  27:22  Ultralisk x2  
  64  27:26  Drone x10  
Tags
 
Add a new tag
Caveats
  • Supply blocks, unpowered buildings, or Contaminate may cause inaccurate times.
  • Supply counts are checked every 10 seconds.